 Dungeon Crawl Stone Soup version 0.17.0-9-g801d43b (webtiles) character file.

6447 4thArraOfDagon the Cleaver (level 10, -6/56 HPs)
             Began as a Vine Stalker Berserker on Nov 9, 2015.
             Was a Priest of Trog.
             Mangled by a crocodile (11 damage)
             ... on level 11 of the Dungeon.
             The game lasted 00:14:01 (2144 turns).

4thArraOfDagon the Cleaver (Vine Stalker Berserker) Turns: 2144, Time: 00:14:01

Health: -6/56      AC: 10    Str: 26      XL:     10   Next: 99%
Magic:  0/12       EV: 11    Int:  9      God:    Trog [***...]
Gold:   207        SH:  0    Dex: 18 (19) Spells: 0 memorised, 9 levels left

rFire  + . .     SeeInvis .     s - +0 war axe
rCold  . . .     Clarity  .     a - +2 scale mail {rF+}
rNeg   . . .     SustAt   .     (no shield)
rPois  .         Gourm    .     (no helmet)
rElec  .         Spirit   +     B - +0 cloak
rCorr  .         Warding  .     y - +1 pair of gloves {Str+3}
rMut   .         Stasis   .     (no boots)
MR     ++++.                    (no amulet)
Stlth  ..........               q - +2 ring of intelligence
                                g - +5 ring of dexterity

@: exhausted, regenerating, slowed, very slow, incredibly resistant to hostile
enchantments, extremely unstealthy
A: fangs 3, talons 1, deformed body, magic resistance 1, regeneration 2, spit
poison 1, magic shield, antimagic bite, no device heal 3, rot immunity
a: Spit Poison, Berserk, Trog's Hand, Burn Spellbooks, Renounce Religion


You were on level 11 of the Dungeon.
You worshipped Trog.
Trog was most pleased with you.
You were very hungry.

You visited 1 branch of the dungeon, and saw 11 of its levels.
You also visited: Sewer.

You collected 256 gold pieces.
You spent 49 gold pieces at shops.

Inventory:

Hand Weapons
 d - a +3 dagger of distortion
 s - a +0 war axe (weapon)
Missiles
 k - 6 tomahawks (quivered)
Armour
 a - a +2 scale mail of fire resistance (worn)
 u - a troll hide {Purgy}
 y - a +1 pair of gloves of strength (worn)
 A - a +0 plate armour
 B - a +0 cloak (worn)
Jewellery
 g - a +5 ring of dexterity (left hand)
 q - a +2 ring of intelligence (right hand)
Wands
 j - a wand of disintegration (22)
 C - a wand of draining (2)
 D - a wand of paralysis (0)
 H - a wand of fire (4)
Scrolls
 e - 4 scrolls of remove curse
Potions
 b - 3 potions of mutation {unknown}
 h - 2 potions of cancellation {unknown}
 l - 2 potions of poison {unknown}
 p - a potion of brilliance {unknown}
 r - a potion of agility {unknown}
 t - a potion of ambrosia {unknown}
 v - 5 potions of flight {unknown}
 x - a potion of might {unknown}
 z - 2 potions of curing
Books
 o - a book of Air

   Spells                             Type                      Level
   a - Shock                          Conjuration/Air              1
   b - Swiftness                      Charms/Air                   2
   c - Repel Missiles                 Charms/Air                   2
   d - Static Discharge               Conjuration/Air              3
   e - Lightning Bolt                 Conjuration/Air              5
   Trog disapproves of the use of such an item.
 E - a book of Spatial Translocations

   Spells                             Type                      Level
   a - Apportation                    Translocation                1
   b - Blink                          Translocation                2
   c - Shroud of Golubria             Charms/Translocation         2
   d - Portal Projectile              Translocation                3
   e - Teleport Other                 Translocation                3
   f - Passage of Golubria            Translocation                4
   Trog disapproves of the use of such an item.
Comestibles
 c - 6 bread rations
 f - 4 meat rations
 i - 2 slices of pizza
 G - 2 chunks of flesh


   Skills:
 + Level 7.8 Fighting
 * Level 10.7 Axes
 + Level 6.9 Armour
 - Level 1.5 Dodging
 + Level 2.5 Evocations


You had 9 spell levels left.
You didn't know any spells.

Dungeon Overview and Level Annotations

Branches:
Dungeon (11/15)            Temple (0/1) D:7            Lair (0/8) D:11
    Orc: D:9-12

Altars:
Kikubaaqudgha

Shops:
D:4 (


Innate Abilities, Weirdness & Mutations

You have razor-sharp teeth.
You heal very quickly.
When hurt, damage is shared between your health and your magic reserves.
Your bite disrupts and absorbs the magic of your enemies.
Potions and wands cannot restore your health.
You are immune to rotting.
You have sharp toenails.
Armour fits poorly on your strangely shaped body.
You are resistant to hostile enchantments.
You can spit weak poison.


Message History

Unknown command.
Unknown command.
Unknown command.
You barely miss the crocodile. You claw the crocodile.
Your bite misses the crocodile.
The crocodile is heavily wounded.
The crocodile bites you!
* * * LOW HITPOINT WARNING * * *
The crocodile misses you.
Unknown command.
Unknown command.
Unknown command.
Unknown command.
Unknown command.
You closely miss the crocodile.
You claw the crocodile, but do no damage.
You bite the crocodile. You drain its power.
You feel invigorated.
The crocodile is severely wounded.
The crocodile bites you!
You die...

,*,,,,,,+,,* *,,,,,,,,,,,,
,*,,,,,,*,,* *,,,,<,,,,,,,
,********,,* *,,******,,,, **
******* **** **,,, *** *,***
##### ***** *,,, **,****,,***
#.#>### *,,,* *,,,
,,,,,***,*,****#.)#(# **#,* *,,,
**,,,,,,,,##,*##.))##*#..,****,,,
***,,,,,,....#†@)###..#,*+,**,,,
*,*,***........t....#.#**,**,,,
******,.#.....#(.....#***,**,,,
***,,,,*#..........##..#,****,,,
*,,,****####.#..#.#.#*.!,,* *,,,
*,,,* ###.#*####*,**** *,,, *****
##* *** *+*>
******************************,*,
,,,,,,,,,,,,,,,,,,,,,,,,,,,*,,,*,


You could see a crocodile.

Vanquished Creatures
  The ghost of Britaniac the Nimble, a novice NaFi of Cheibriados (D:9)
  Pikel (D:9)
  3 hill giants
  Maurice (D:9)
  Psyche (D:9)
  A shadow (D:11)
  A wyvern (D:9)
  A steam dragon (D:11)
  An ice beast (D:11)
  A slave (D:9)
  A wasp (D:11)
  Purgy (Sewer)
  A phantom (D:6)
  A necrophage (D:8)
  A sky beast (D:10)
  7 centaurs
  3 orc warriors
  4 ogres
  3 crocodiles (D:11)
  A big kobold (D:11)
  2 giant frogs
  5 killer bees
  3 orc priests
  A giant frog skeleton (D:11)
  A centaur skeleton (D:11)
  2 jellies
  2 centaur zombies
  2 hounds
  2 iguanas (D:11)
  Natasha (twice) (D:3)
  5 orc wizards
  A worker ant (D:8)
  A worker ant zombie (D:9)
  6 adders
  3 oozes
  An adder zombie (D:9)
  A worm (D:6)
  4 giant geckos
  8 orcs
  3 hobgoblins
  7 kobolds
  A quokka (D:2)
  A ball python (Sewer)
  3 bats
  2 giant cockroaches
  6 giant newts
  A goblin (D:1)
  8 jackals
  A quokka zombie (D:5)
  3 rats
123 creatures vanquished.

Vanquished Creatures (others)
  A bat (D:3)
1 creature vanquished.

Grand Total: 124 creatures vanquished

Notes
Turn   | Place    | Note
--------------------------------------------------------------
     0 | D:1      | 4thArraOfDagon the Vine Stalker Berserker began the quest for the Orb.
     0 | D:1      | Reached XP level 1. HP: 11/11 MP: 2/2
   146 | D:1      | Reached XP level 2. HP: 7/16 MP: 0/3
   187 | D:2      | Reached skill level 3 in Axes
   198 | D:2      | Reached XP level 3. HP: 19/19 MP: 4/4
   273 | D:3      | Noticed Natasha
   320 | D:3      | Reached ** piety under Trog
   321 | D:3      | Reached XP level 4. HP: 13/24 MP: 3/5
   377 | D:3      | Killed Natasha
   379 | D:3      | Reached skill level 4 in Axes
   379 | D:3      | Reached XP level 5. HP: 28/28 MP: 6/6
   479 | D:3      | Noticed Natasha
   482 | D:3      | Killed Natasha
   528 | D:4      | Found Qeniqo's Weapon Emporium.
   533 | D:4      | Bought a +0 war axe for 49 gold pieces
   553 | D:5      | Entered Level 5 of the Dungeon
   555 | D:5      | Noticed a centaur
   561 | D:5      | Gained mutation: You heal very quickly. [Vine Stalker growth]
   561 | D:5      | Reached XP level 6. HP: 20/32 MP: 4/7
   562 | D:5      | Killed a centaur
   562 | D:5      | Reached skill level 5 in Axes
   616 | D:6      | Found an ancient bone altar of Kikubaaqudgha.
   694 | D:6      | Reached XP level 7. HP: 31/37 MP: 8/8
   758 | D:6      | Found a glowing drain.
   788 | Sewer    | Entered a sewer
   834 | Sewer    | Noticed Purgy
   839 | Sewer    | Killed Purgy
   973 | D:6      | Reached skill level 6 in Axes
  1023 | D:6      | Reached *** piety under Trog
  1038 | D:7      | Found a staircase to the Ecumenical Temple.
  1077 | D:8      | Gained mutation: You have razor-sharp teeth. [Vine Stalker growth]
  1077 | D:8      | Reached XP level 8. HP: 42/42 MP: 9/9
  1276 | D:9      | Reached skill level 5 in Fighting
  1277 | D:9      | Noticed a queen bee
  1314 | D:8      | Reached skill level 7 in Axes
  1356 | D:9      | Noticed Pikel
  1359 | D:9      | Paralysed by Pikel for 2 turns
  1369 | D:9      | Killed Pikel
  1369 | D:9      | Reached XP level 9. HP: 48/48 MP: 10/10
  1439 | D:9      | Noticed Psyche
  1446 | D:9      | Killed Psyche
  1446 | D:9      | Reached skill level 8 in Axes
  1446 | D:9      | Reached skill level 5 in Armour
  1558 | D:9      | Noticed Britaniac's ghost (novice NaFi)
  1598 | D:9      | Noticed Maurice
  1608 | D:9      | Killed Maurice
  1674 | D:9      | Killed Britaniac's ghost
  1674 | D:9      | Reached skill level 9 in Axes
  1720 | D:10     | Entered Level 10 of the Dungeon
  1724 | D:10     | Noticed a hill giant
  1739 | D:10     | Killed a hill giant
  1739 | D:10     | Reached XP level 10. HP: 42/55 MP: 11/11
  1778 | D:10     | Gained mutation: You are resistant to hostile enchantments. [mutagenic meat]
  1779 | D:10     | Gained mutation: Your mind is acute. (Int +2) [mutagenic meat]
  1780 | D:10     | Gained mutation: You can spit weak poison. [mutagenic meat]
  1781 | D:10     | Gained mutation: Armour fits poorly on your strangely shaped body. [mutagenic meat]
  1782 | D:10     | Gained mutation: You have sharp toenails. [mutagenic meat]
  1783 | D:10     | Lost mutation: Your mind is acute. (Int +2) [mutagenic meat]
  1842 | D:11     | Noticed a hill giant
  1849 | D:11     | Killed a hill giant
  1849 | D:11     | Reached skill level 10 in Axes
  2004 | D:11     | Reached skill level 1 in Evocations
  2036 | D:11     | Noticed a hill giant
  2043 | D:11     | Killed a hill giant
  2084 | D:11     | Found a staircase to the Lair.
  2143 | D:11     | HP: 2/56 [crocodile (4)]
  2144 | D:11     | Mangled by a crocodile

Action                   |  1- 3 |  4- 6 |  7- 9 | 10-12 || total
-------------------------+-------+-------+-------+-------++-------
Melee: Hand axe          |    43 |    27 |       |       ||    70
       War axe           |       |    17 |   150 |    79 ||   246
Invok: Berserk           |     3 |     3 |     9 |     5 ||    20
       Trog's Hand       |       |     1 |     3 |     9 ||    13
Evoke: Wand              |       |       |     2 |     7 ||     9
  Use: Scroll            |       |       |     3 |     6 ||     9
       Potion            |       |       |       |     1 ||     1
 Stab: Sleeping          |     1 |       |       |       ||     1
       Paralysed         |       |       |     2 |     8 ||    10
  Eat: Chunk             |       |     6 |     7 |    13 ||    26
       Beef jerky        |       |       |     3 |       ||     3
       Pizza             |       |       |     1 |       ||     1
